AoeStats
← AOELG_bravedave92

Arabia

510277251Analyzed
1v1 RM · 3d ago on Sep 30, 2026· 56m 35s· 2 players
Game mode
Random Map
Map size
Tiny (2 player)
Population
200
Speed
Normal
Resources
Standard
Victory
Conquest
Starting age
Dark Age
Ending age
Imperial Age
RankedLock teamsTeams togetherTeam positionsShared explorationLock speedFull tech treeHidden civsTurbo modeCheats
Victory
Defeat
🇨🇿 Vikings · Czechia
958
+14
🇩🇪 Persians · Germany
925
-14
AOELG_bravedave92
6:53 Loom
9:19 Feudal Age
14:17 Double-Bit Axe
16:28 Forging
18:58 Bloodlines
22:06 Castle Age
20:31 Horse Collar
22:07 Scale Barding Armor
22:10 Fletching
22:49 Husbandry
23:11 Bow Saw
22:54 Light Cavalry
26:12 Wheelbarrow
27:26 Iron Casting
28:58 Hand Cart
30:54 Chain Barding Armor
32:38 Heavy Plow
34:32 Kamandaran
36:44 Bodkin Arrow
36:49 Padded Archer Armor
36:58 Crossbowman
37:43 Thumb Ring
41:00 Imperial Age
41:09 Ballistics
41:11 Leather Archer Armor
40:48 Cavalier
42:34 Blast Furnace
41:32 Gold Mining
41:33 Stone Mining
42:30 Conscription
43:37 Two-Man Saw
43:23 Crop Rotation
43:43 Plate Barding Armor
43:39 Ring Archer Armor
44:52 Chemistry
44:15 Savar
48:34 Man-at-Arms
48:59 Gambesons
49:05 Hussar
49:55 Scale Mail Armor
49:30 Long Swordsman
53:05 Chain Mail Armor
55:43 Plate Mail Armor
57:12 Plate Mail Armor
Bellygroup
10:30 Feudal Age
11:07 Double-Bit Axe
11:04 Horse Collar
14:18 Loom
18:15 Castle Age
20:28 Fletching
20:59 Bow Saw
21:05 Heavy Plow
21:22 Stone Mining
21:40 Gold Mining
23:55 Gold Shaft Mining
24:23 Bodkin Arrow
25:17 Ballistics
24:58 Town Watch
28:05 Fervor
30:12 Murder Holes
30:28 Masonry
29:59 Treadmill Crane
35:27 Imperial Age
33:18 Town Patrol
34:54 Scale Mail Armor
35:11 Forging
36:11 Chain Mail Armor
37:46 Chemistry
37:54 Two-Man Saw
37:26 Crop Rotation
38:06 Elite Varangian Guard
39:27 Architecture
39:03 Siege Engineers
39:19 Chieftains
39:41 Conscription
40:06 Squires
39:51 Arson
40:14 Bracer
40:49 Iron Casting
40:30 Chain Mail Armor
40:16 Padded Archer Armor
39:44 Elite Skirmisher
41:09 Hoardings
43:44 Blast Furnace
43:36 Plate Mail Armor
43:07 Padded Archer Armor
53:14 Elite Berserk
Connection lost

Rejoining the realm…

Still unreachable

The connection could not be restored.

Session expired

The server has moved on; the page needs a fresh start.